 Dungeon Crawl Stone Soup version 0.17-a0-2064-g265a032 (webtiles) character file.

66 Gruud the Insei (level 3, 0/26 HPs)
             Began as a Demonspawn Transmuter on Oct 12, 2015.
             Succumbed to an adder's poison
             ... on level 2 of the Dungeon.
             The game lasted 00:05:12 (1414 turns).

Gruud the Insei (Demonspawn Transmuter)             Turns: 1414, Time: 00:05:13

Health: 0/26       AC:  4    Str: 10    XL:     3   Next: 96%
Magic:  6/6        EV: 12    Int: 14    God:
Gold:   32         SH:  0    Dex: 14    Spells: 3 memorised, 0 levels left

rFire  . . .     SeeInvis .       - Unarmed
rCold  . . .     Clarity  .     b - +0 robe
rNeg   . . .     SustAt   .     (no shield)
rPois  .         Gourm    .     (no helmet)
rElec  .         Spirit   .     (no cloak)
rCorr  .         Warding  .     (no gloves)
rMut   .         Stasis   .     (no boots)
MR     .....                    (no amulet)
Stlth  +.........               (no ring)
                                (no ring)

@: lethally poisoned (0 -> -1), not resistant to hostile enchantments, very
unstealthy
A: slimy green scales 1
a: no special abilities


You were on level 2 of the Dungeon.
You were hungry.

You visited 1 branch of the dungeon, and saw 2 of its levels.

You collected 32 gold pieces.

Inventory:

Missiles
 a - 7 arrows
 f - 101 stones (quivered)
 g - 5 sling bullets
Armour
 b - a +0 robe (worn)
Scrolls
 e - a scroll of recharging
 j - a scroll of enchant armour {unknown}
 k - a scroll of remove curse {unknown}
 n - a scroll of immolation {unknown}
 o - a scroll of identify {unknown}
Potions
 m - a potion of cure mutation
Books
 c - a book of Changes

   Spells                             Type                      Level
   a - Beastly Appendage              Transmutation                1
   b - Sticks to Snakes               Transmutation                2
   c - Spider Form                    Transmutation/Poison         3
   d - Ice Form                       Ice/Transmutation            4
   e - Blade Hands                    Transmutation                5
Comestibles
 d - a bread ration
 h - a chunk of flesh
 i - 2 meat rations
 l - a slice of pizza


   Skills:
 - Level 1.0 Fighting
 - Level 1.7 Dodging
 * Level 3.5 Unarmed Combat
 - Level 2.0 Spellcasting
 * Level 3.1 Transmutations


You couldn't memorise any spells.
You knew the following spells:

 Your Spells              Type           Power        Failure   Level  Hunger
a - Beastly Appendage     Trmt           ##....       10%         1    ##.....
b - Sticks to Snakes      Trmt           ##........   12%         2    ###....
c - Spider Form           Trmt/Pois      #.........   38%         3    ####...


Dungeon Overview and Level Annotations

Branches:
Dungeon (2/15)

Altars:
Dithmenos
Zin


Innate Abilities, Weirdness & Mutations

You are partially covered in slimy green scales (AC +2).


Message History

You closely miss the adder. Your punch misses the adder.
The adder is severely wounded.
The adder closely misses you.
You hit the adder.
The adder is almost dead.
The adder barely misses you.
You barely miss the adder.
The adder is almost dead.
The adder barely misses you. The adder bites you but does no damage.
You hit the adder but do no damage.
The adder is almost dead.
* * * LOW HITPOINT WARNING * * *
You feel sick. The adder barely misses you.
You hit the adder.
The adder is almost dead.
The adder bites you but does no damage.
You hit the adder.
You kill the adder!
o - a scroll labeled OBITEU MATHAUL You die...

#. #. #. ##.#
####...##
........## #
#.....†.####.#
#.......@.†..#
#.......######
..##.....##
#.........
#.###...## #.#
##.# #.# #.
#.# #.# #.##
#.# #.# ..#
#.#


There were no monsters in sight!

Vanquished Creatures
  2 adders (D:2)
  2 oozes (D:1)
  A worm (D:2)
  A giant gecko (D:1)
  7 goblins
  2 hobgoblins (D:1)
  A ball python (D:1)
  7 bats (D:1)
  A giant cockroach (D:1)
  4 kobolds
  A quokka (D:2)
  3 rats (D:1)
32 creatures vanquished.

Vanquished Creatures (collateral kills)
  An adder (D:2)
1 creature vanquished.

Grand Total: 33 creatures vanquished

Notes
Turn   | Place    | Note
--------------------------------------------------------------
     0 | D:1      | Gruud the Demonspawn Transmuter began the quest for the Orb.
     0 | D:1      | Reached XP level 1. HP: 15/15 MP: 3/3
   195 | D:1      | Reached skill level 3 in Unarmed Combat
   195 | D:1      | Gained mutation: You are partially covered in slimy green scales (AC +2). [demonic ancestry]
   195 | D:1      | Reached XP level 2. HP: 11/21 MP: 1/5
   499 | D:1      | Learned a level 2 spell: Sticks to Snakes
   779 | D:1      | Reached XP level 3. HP: 18/26 MP: 6/6
   862 | D:2      | Learned a level 3 spell: Spider Form
  1146 | D:2      | Found a glowing silver altar of Zin.
  1148 | D:2      | Found a shadowy altar of Dithmenos.
  1406 | D:2      | HP: 1/26 [poisoned by an adder]
  1414 | D:2      | Succumbed to an adder's poison

Vault maps used:
D:1:      dpeg_arrival_court, serial_bayou_lake_a
D:2:      nicolae_overflow_hidden_temple, first_bread, uniq_jessica

Action                   || total
-------------------------++-------
Melee: Unarmed           ||   159
 Cast: Beastly Appendage ||    17
       Sticks to Snakes  ||     5
  Use: Scroll            ||     1
       Potion            ||     1
  Eat: Chunk             ||     2
